 Dungeon Sprint DCSS version 0.16-a0-3325-g64f94fb (webtiles) character file.

506 BluebellGnoll the Basher (level 7, -5/83 HPs)
             Began as an Ogre Wanderer on Dec 27, 2014.
             Was a Follower of Okawaru.
             Slain by a tengu warrior
             ... wielding a +0 long sword
              (22 damage)
             ... in the Dungeon (Sprint IX: "|||||||||||||||||||||||||||||").
             The game lasted 00:03:34 (633 turns).

BluebellGnoll the Basher (Ogre Wanderer)             Turns: 633, Time: 00:03:34

Health: -5/83      AC:  5    Str: 20    XL:     7   Next: 18%
Magic:  15/15      EV: 12    Int: 14    God:    Okawaru [*.....]
Gold:   0          SH:  0    Dex:  6    Spells: 0 memorised, 13 levels left

rFire  . . .     SeeInvis .     m - +2 morningstar (crush)
rCold  . . .     Clarity  .     d - +0 robe
rNeg   . . .     SustAb   .     (shield restricted)
rPois  .         Gourm    .     (helmet restricted)
rElec  .         Spirit   .     (no cloak)
rCorr  .         Warding  .     (gloves unavailable)
rMut   .         NoTele   +     (boots unavailable)
MR     .....                    (no amulet)
Stlth  +.........               n - +2 ring of protection
                                e - +2 ring of evasion

@: lethally poisoned, not resistant to hostile enchantments, very unstealthy
A: unfitting armour, tough skin 1
a: Heroism, Renounce Religion


You were in the Dungeon.
You worshipped Okawaru.
Okawaru was aware of your devotion.
You were not hungry.

You visited 1 branch

Inventory:

Hand weapons
 m - a +2 morningstar of crushing (weapon)
 p - a +0 giant spiked club
 q - a cursed -3 morningstar
Armour
 d - a +0 robe (worn)
 r - a +0 robe
Jewellery
 e - a +2 ring of evasion (left hand)
 n - a +2 ring of protection (right hand)
Magical devices
 l - a wand of cold (1)
Scrolls
 h - 3 scrolls of remove curse
 j - 2 scrolls of amnesia
 k - 2 scrolls of blinking
Potions
 b - 6 potions of curing
 c - a potion of invisibility
 g - a potion of heal wounds
 i - 4 potions of magic
Books
 a - a book of Minor Magic

   Spells                             Type                      Level
   a - Magic Dart                     Conjuration                  1
   b - Blink                          Translocation                2
   c - Call Imp                       Summoning                    2
   d - Repel Missiles                 Charms/Air                   2
   e - Slow                           Hexes                        2
   f - Conjure Flame                  Conjuration/Fire             3
   g - Mephitic Cloud                 Conjuration/Poison/Air       3
Comestibles
 f - a meat ration
 o - 5 chunks of flesh


   Skills:
 * Level 9.2 Fighting
 - Level 14.2(14.3) Maces & Flails
   Level 1.7(6.9) Staves
 + Level 5.5 Dodging
 - Level 1.0 Stealth
   Level 1.0 Shields
 - Level 3.6 Spellcasting
   Level 1.0 Air Magic
   Level 1.0 Poison Magic
 - Level 1.0 Evocations


You had 13 spell levels left.
You didn't know any spells.

Dungeon Overview and Level Annotations

Branches:
Dungeon (1/1)

Altars:
Cheibriados
Dithmenos
Elyvilon
Fedhas
Gozag
Kikubaaqudgha
Makhleb
Nemelex Xobeh
Okawaru
Qazlal
Ru
Sif Muna
Trog
Vehumet
Xom
Yredelemnul
Zin
The Shining One
Beogh
Jiyva
Lugonu


Innate Abilities, Weirdness & Mutations

You are too large for most types of armour.
You have tough skin (AC +1).


Message History

Zapping:
l - a wand of cold (3)
Press: ? - help, Shift-Dir - straight line, f/p - tengu warrior
Aim: a tengu warrior, wielding a long sword, wearing a leather armour and wearing a buckler (severely wounded)
The bolt of cold misses the tengu warrior.
The bolt of cold hits the centaur warrior.
The centaur warrior is heavily wounded.
This wand has 2 charges left.
You feel sick.
The tengu warrior completely misses you.
The tengu warrior pecks you but does no damage.
The tengu warrior claws you.
* * * LOW HITPOINT WARNING * * *
Evoke which item? (* to show all) (? for menu, Esc to quit)
Zapping:
l - a wand of cold (2)
Press: ? - help, Shift-Dir - straight line, f/p - tengu warrior
Aim: a tengu warrior, wielding a long sword, wearing a leather armour and wearing a buckler (severely wounded)
The bolt of cold misses the tengu warrior.
The bolt of cold misses the centaur warrior.
This wand has 1 charge left.
The tengu warrior hits you with a long sword!!
You die... ▓▓▓▓▓▓▓▓▓▓▓▓▓▓▓▓▓▓▓▓▓▓▓▓ +....cQ@.....÷'..[[[)|.. ▓▓▓▓▓▓▓▓▓▓▓▓▓▓▓▓▓▓▓▓▓▓▓▓

You could see a tengu warrior and a centaur warrior.

Vanquished Creatures
  2 ogres (D)
  A brain worm (D)
  A killer bee (D)
  A wight (D)
  4 hounds (D)
  2 worker ants (D)
  An adder skeleton (D)
  3 goblins (D)
  2 bats (D)
  2 rats (D)
19 creatures vanquished.

Notes
Turn   | Place    | Note
--------------------------------------------------------------
     0 | D        | BluebellGnoll, the Ogre Wanderer, began the quest for the Orb.
     0 | D        | BluebellGnoll set off with: a book of Minor Magic, 2 potions of curing, a +0 robe, a +0 club, a meat ration, a potion of heal wounds, a potion of haste, 2 potions of magic, a potion of berserk rage, a scroll of blinking
     0 | D        | Reached XP level 1. HP: 16/16 MP: 4/4
    26 | D        | Reached skill level 4 in Maces & Flails
   204 | D        | Noticed a hound
   204 | D        | Noticed an ogre
   204 | D        | Noticed a worker ant
   204 | D        | Noticed a hound
   204 | D        | Noticed a hound
   227 | D        | Killed a hound
   227 | D        | Reached skill level 8 in Maces & Flails
   227 | D        | Reached XP level 2. HP: 24/24 MP: 6/6
   227 | D        | Reached XP level 3. HP: 31/31 MP: 8/8
   233 | D        | Killed a hound
   233 | D        | Reached skill level 9 in Maces & Flails
   233 | D        | Reached XP level 4. HP: 39/39 MP: 10/10
   237 | D        | Killed a worker ant
   237 | D        | Reached skill level 10 in Maces & Flails
   246 | D        | Killed an ogre
   246 | D        | Reached skill level 13 in Maces & Flails
   246 | D        | Reached XP level 5. HP: 15/45 MP: 11/11
   250 | D        | Killed a hound
   250 | D        | Reached skill level 14 in Maces & Flails
   266 | D        | Found a glowing silver altar of Zin.
   266 | D        | Found a glowing golden altar of the Shining One.
   266 | D        | Found an ancient bone altar of Kikubaaqudgha.
   266 | D        | Found a basalt altar of Yredelemnul.
   266 | D        | Found a shimmering altar of Xom.
   266 | D        | Found a radiant altar of Vehumet.
   266 | D        | Found an iron altar of Okawaru.
   267 | D        | Found a burning altar of Makhleb.
   268 | D        | Found a deep blue altar of Sif Muna.
   269 | D        | Found a bloodstained altar of Trog.
   270 | D        | Found a sparkling altar of Nemelex Xobeh.
   271 | D        | Found a white marble altar of Elyvilon.
   272 | D        | Found a roughly hewn altar of Beogh.
   273 | D        | Found a viscous altar of Jiyva.
   274 | D        | Found a corrupted altar of Lugonu.
   275 | D        | Became a worshipper of Warmaster Okawaru
   276 | D        | Found a blossoming altar of Fedhas.
   277 | D        | Found a snail-covered altar of Cheibriados.
   278 | D        | Found a shadowy altar of Dithmenos.
   279 | D        | Found a stormy altar of Qazlal.
   280 | D        | Found an opulent altar of Gozag.
   281 | D        | Found a sacrificial altar of Ru.
   493 | D        | Noticed a wight
   493 | D        | Noticed a hound
   493 | D        | Noticed an ogre
   499 | D        | Killed an ogre
   499 | D        | Reached skill level 5 in Fighting
   499 | D        | Reached XP level 6. HP: 52/66 MP: 13/13
   505 | D        | Killed a hound
   506 | D        | Killed a wight
   621 | D        | Noticed a centaur warrior
   621 | D        | Noticed a worker ant
   621 | D        | Noticed a tengu warrior
   621 | D        | Noticed a brain worm
   621 | D        | Noticed a killer bee
   623 | D        | Killed a killer bee
   623 | D        | Acquired Okawaru's first power
   623 | D        | Killed a brain worm
   623 | D        | Reached skill level 5 in Dodging
   623 | D        | Reached XP level 7. HP: 66/81 MP: 15/15
   629 | D        | Killed a worker ant
   630 | D        | HP: 3/83 [tengu warrior/long sword (14)]
   633 | D        | Slain by a tengu warrior

Action                   |  1- 3 |  4- 6 |  7- 9 || total
-------------------------+-------+-------+-------++-------
Melee: Club              |    47 |    16 |       ||    63
       Morningstar       |       |    19 |     4 ||    23
Evoke: Wand              |       |     1 |     5 ||     6
  Use: Potion            |     3 |       |     1 ||     4
